 Dungeon Crawl Stone Soup version 0.21-a0-641-geef9d7f (webtiles) character file.

18 shenanigans the Charmwright (level 2, -3/23 HPs)
             Began as a Barachi Skald on Dec 31, 2017.
             Slain by an adder (4 damage)
             ... on level 2 of the Dungeon.
             The game lasted 00:02:25 (1119 turns).

shenanigans the Charmwright (Barachi Skald)         Turns: 1119, Time: 00:02:25

Health: -3/23      AC:  4    Str: 12    XL:     2   Next: 66%
Magic:  4/5        EV:  9    Int: 13    God:
Gold:   69         SH: 11    Dex: 11    Spells: 4/5 levels left

rFire    . . .     SeeInvis .   a - +0 hand axe
rCold    . . .     Gourm    .   l - +0 shield
rNeg     . . .     Faith    .   b - +1 leather armour
rPois    .         Spirit   .   (no helmet)
rElec    .         Reflect  +   (no cloak)
rCorr    .         Harm     .   (no gloves)
MR       .....                  (no boots)
Stlth    +.........             k - +4 amulet of reflection
HPRegen  0.07/turn              (no ring)
MPRegen  0.09/turn              (no ring)

@: lethally poisoned (-3 -> -10), very slightly contaminated, slow
A: +LOS, swims, slowness 1, strong legs 1
a: Hop


You were on level 2 of the Dungeon.
You were not hungry.

You visited 1 branch of the dungeon, and saw 2 of its levels.

You collected 69 gold pieces.

Inventory:

Hand Weapons
 a - a +0 hand axe (weapon)
Missiles
 h - 3 tomahawks (quivered)
Armour
 b - a +1 leather armour (worn)
 l - a +0 shield (worn)
Jewellery
 k - a +4 amulet of reflection (around neck)
Scrolls
 f - a scroll of enchant armour
 j - 3 scrolls of teleportation {unknown}
 m - a scroll of remove curse
 q - a scroll of blinking {unknown}
Potions
 e - 3 potions of curing {unknown}
 g - 2 potions of lignification
 i - a potion of degeneration {unknown}
 n - a potion of ambrosia {unknown}
 o - a potion of brilliance
Books
 c - a book of Battle

   Spells                             Type                      Level
   a - Infusion                       Charms                       1
   b - Shroud of Golubria             Charms/Translocation         2
   c - Song of Slaying                Charms                       2
   d - Spectral Weapon                Hexes/Charms                 3
   e - Regeneration                   Charms/Necromancy            3
Comestibles
 d - 3 rations
 p - 3 chunks of flesh


   Skills:
 + Level 2.6 Fighting
 + Level 2.5 Axes
 + Level 1.9 Armour
 + Level 2.4 Dodging
 * Level 1.0 Shields
 - Level 2.1 Spellcasting
 - Level 3.2 Charms


You had 4 spell levels left.
You knew the following spells:

 Your Spells              Type           Power        Failure   Level  Hunger
a - Infusion              Chrm           #...         45%         1    ##.....


Dungeon Overview and Level Annotations

Branches:
Dungeon (2/15)

Altars:


Innate Abilities, Weirdness & Mutations

Shadows flee at your approach. (+LOS)
You can swim through water.
You cover ground slowly.
You can hop short distances.


Message History

The adder bites you but does no damage.
You hit the adder.
The adder is lightly wounded.
You block the adder's attack. The adder bites you but does no damage.
You miss the adder.
The adder is lightly wounded.
You feel sick. The adder bites you.
* * * LOW HITPOINT WARNING * * *
You are lethally poisoned!
The adder poisons you!
Your shield prevents you from hitting the adder.
The adder is lightly wounded.
* * * LOW HITPOINT WARNING * * *
You feel sick. You block the adder's attack. The adder bites you.
* * * LOW HITPOINT WARNING * * *
You barely miss the adder.
The adder is lightly wounded.
* * * LOW HITPOINT WARNING * * *
You feel sick. You block the adder's attack. The adder bites you.
You die...

#.....# ...
#.....# ..#
#.....# .# #.#
#.....# #.# #.#
####### #.# ..#
#.# #.# #.###.# ##
######...S.# .#
#......# #@#
.######.###..# #.#
..††......#..###.#
.######.#........#
.# #.###..##### .#
#......# ##
########


You could see an adder.

Vanquished Creatures
  A ball python (D:1)
  2 bats (D:2)
  2 giant cockroaches
  4 hobgoblins
  A kobold (D:1)
  A quokka (D:2)
  2 frilled lizards (D:2)
  3 rats (D:2)
16 creatures vanquished.

Notes
Turn   | Place    | Note
-------+----------+-------------------------------------------
     0 | D:1      | shenanigans the Barachi Skald began the quest for the Orb.
     0 | D:1      | Reached XP level 1. HP: 17/17 MP: 3/3
   792 | D:1      | Reached XP level 2. HP: 19/23 MP: 5/5
  1111 | D:2      | Reached skill level 1 in Shields
  1119 | D:2      | HP: 1/23 [poisoned by an adder]
  1119 | D:2      | Slain by an adder

Vault maps used:
D:1:      lightli_arrival_noodles
D:2:      first_ration, nicolae_dithmenos_through_a_glass_darkly

Skill      XL: |  1  2 |
---------------+-------+-----
Shields        | 1 |  1.0
Fighting       | |  2.6
Axes           | |  2.5
Armour         | |  1.9
Dodging        | |  2.4
Spellcasting   | |  2.1
Charms         | |  3.2

Action                   || total
-------------------------++-------
Melee: Hand axe          ||    87
  Use: Scroll            ||     4
 Stab: Sleeping          ||     1
  Eat: Chunk             ||     1
Armor: Leather armour    ||    26
Dodge: Dodged            ||    40
Block: Shield            ||    38

Table legend:
 A = Spawn XP
 B = Non-spawn XP
 C = Spawn XP percentage of total XP
 D = Spawn monster count
 E = Non-spawn monster count
 F = Spawn count percentage of total count
 G = Total turns spent on level
                    A         B        C        D         E        F      G
               +---------+---------+-------+---------+---------+-------+---------
         Total |       0 |      26 |   0.0 |       0 |      16 |   0.0 |  1119
               +---------+---------+-------+---------+---------+-------+---------
           D:1 |       0 |      12 |   0.0 |       0 |       6 |   0.0 |   945
           D:2 |       0 |      14 |   0.0 |       0 |      10 |   0.0 |   174
               +---------+---------+-------+---------+---------+-------+---------
